 Dungeon Crawl Stone Soup version 0.20-a0-33-g996f6e0 (webtiles) character file.

38378 dvd the Carver (level 13, -2/131 HPs)
             Began as a Troll Berserker on Nov 9, 2016.
             Was a High Priest of Trog.
             Slain by a tentacled starspawn (16 damage)
             ... while paralysed
             ... on level 1 of the Abyss.
             The game lasted 00:44:06 (13695 turns).

dvd the Carver (Troll Berserker)                   Turns: 13695, Time: 00:44:06

Health: -2/131     AC:  8    Str: 30    XL:     13   Next: 63%
Magic:  12/12      EV:  1    Int:  3    God:    Trog [*****.]
Gold:   278        SH:  0    Dex: 11    Spells: 0 memorised, 12 levels left

rFire  + . .     SeeInvis .     a - +6 long sword (freeze)
rCold  + . .     Gourm    +     u - +2 robe {rC+ rF+}
rNeg   + . .     Faith    .     (no shield)
rPois  +         Spirit   .     i - +1 hat
rElec  .         Reflect  +     (no cloak)
rCorr  +         Harm     .     (gloves unavailable)
MR     .....                    (boots unavailable)
Stlth  ++........               D - +5 amulet of reflection
                                s - ring "Oloj Deo" {rCorr *Drain rPois rN+ Slay+4}
                                t - +6 ring of evasion

@: paralysed, exhausted, slowed
A: unfitting armour, claws 3, talons 1, fast metabolism 3, gourmand,
regeneration 1, shaggy fur 1, tough skin 2, wild magic 2
a: Berserk, Trog's Hand, Brothers in Arms, Burn Spellbooks, Renounce Religion


You were on level 1 of the Abyss.
You worshipped Trog.
Trog was extremely pleased with you.
You were full.

You visited 3 branches of the dungeon, and saw 17 of its levels.
You visited the Abyss 1 time.

You collected 1293 gold pieces.
You spent 1015 gold pieces at shops.

Inventory:

Hand Weapons
 a - a +6 long sword of freezing (weapon)
 k - a +2 scimitar of holy wrath
 S - a +4 long sword
Missiles
 m - 10 tomahawks
 o - 5 steel tomahawks
 O - 3 silver javelins
 P - 4 tomahawks of dispersal
 R - 5 large rocks (quivered)
 T - 8 steel javelins
Armour
 i - a +1 hat (worn)
 q - the +1 robe of Xyffoxt {rCorr SInv}
   (You found it on level 9 of the Dungeon)

   It lets you see invisible.
   It protects you from acid and corrosion.
 r - +0 steam dragon scales
 u - a +2 robe of resistance (worn)
 F - a +1 animal skin
Jewellery
 e - an uncursed ring of flight
 s - the ring "Oloj Deo" (right claw) {rCorr *Drain rPois rN+ Slay+4}
   (You bought it in a shop on level 8 of the Dungeon)

   [ring of resist corrosion]

   It affects your accuracy and damage with ranged weapons and melee attacks
   (+4).
   It protects you from poison.
   It protects you from negative energy.
   It causes draining when unequipped.
 t - a +6 ring of evasion (left claw)
 B - an uncursed amulet of regeneration
 D - a +5 amulet of reflection (around neck)
 E - an uncursed ring of stealth
 G - an uncursed ring of protection from cold
 I - an uncursed ring of protection from magic
Wands
 h - a wand of flame (3/48)
 p - a wand of flame (18/48)
 v - a wand of flame (21/48)
 y - a wand of iceblast (6/15)
 J - a wand of slowing (33/48)
 K - a wand of lightning (11/15)
Scrolls
 d - 3 scrolls of identify
 f - 4 scrolls of recharging
 g - a scroll of magic mapping
 j - 10 scrolls of remove curse
 x - a scroll of fog
 A - 3 scrolls of teleportation
 N - 2 scrolls of blinking
Potions
 l - 4 potions of heal wounds
 n - a potion of mutation
 z - 4 potions of curing
 C - a potion of might
 H - a potion of brilliance
 M - a potion of haste
Comestibles
 b - 14 bread rations
 c - 5 meat rations
 w - 3 beef jerkies
 Q - 3 fruits


   Skills:
 + Level 9.1 Fighting
 + Level 12.0 Long Blades
 + Level 5.3 Throwing
 + Level 9.7 Dodging
 + Level 4.0 Stealth
 + Level 8.0 Unarmed Combat
 + Level 1.3 Evocations


You had 12 spell levels left.
You didn't know any spells.

Dungeon Overview and Level Annotations

Branches:
Dungeon (13/15)            Temple (1/1) D:7            Lair (3/6) D:9
  Swamp (0/4) Lair:3       Spider (0/4) Lair:3
    Orc: D:9-12      Vaults: D:13-14

Altars:
Ashenzari
Cheibriados
Dithmenos
Elyvilon
Fedhas
Gozag
Hepliaklqana
Kikubaaqudgha
Makhleb
Nemelex Xobeh
Okawaru
Qazlal
Ru
Sif Muna
Trog
Uskayaw
Vehumet
Xom
Yredelemnul
Zin
The Shining One
Beogh

Shops:
D:6 %   D:8 =   D:12 %(*(

Annotations:
D:13 Erolcha


Innate Abilities, Weirdness & Mutations

You are too large for most types of armour.
You have claws for hands.
Your metabolism is lightning-fast.
You like to eat raw meat.
Your natural rate of healing is unusually fast.
You are covered in fur. (AC +1)
You have very tough skin. (AC +2)
You have sharp toenails.
Your spells are harder to cast, but more powerful.


Message History

* * * LOW HITPOINT WARNING * * *
The hellephant completely misses you.
You barely miss the hellephant. Your kick misses the hellephant.
The hellephant is heavily wounded.
The hellephant tramples you!!!
* * * LOW HITPOINT WARNING * * *
You hold your ground!
The hellephant completely misses you. The hellephant gores you.
* * * LOW HITPOINT WARNING * * *
You feel a strong urge to attack something.
You feel your anger subside.
A tentacled starspawn comes into view.
Tentacles burst from the starspawn's body! 2 starspawn tentacles come into view.
You are no longer berserk.
You pass out from exhaustion.
You feel yourself slow down.
The hellephant blinks!
The tentacled starspawn bites you!
You die...

.# .##.. # .## .#.#
#. #.#.#. # #.
#....# ##
.##..###.#.##.# #.
..Y.#ยง.#.#.# #
#.#...##.##X..###.#.
. ### #. #[#@.Y.....
##.#X#.#.[.##.# #
.##w## #....## #
.#..### #.##.. ###..
. .# .# #. ####. # #
#.. . . ## . # # ...
#. # .


You could see a hellephant and a tentacled starspawn.

Vanquished Creatures
  A tentacled starspawn (Abyss:1)
  A very ugly thing (Abyss:1)
  Snorg (Lair:3)
  A great orb of eyes (Abyss:1)
  The ghost of Sagrath01 the Destroyer, a journeyman HEAE of Okawaru (Lair:2)
  A death yak (Lair:3)
  2 centaur warriors (D:13)
  Nergalle (Lair:1)
  Sonja (Lair:1)
  An unseen horror (D:10)
  An orc knight (D:13)
  A mana viper (Abyss:1)
  3 ugly things
  A cyclops (D:13)
  Joseph (D:8)
  A torpor snail (Lair:3)
  A gargoyle (D:11)
  2 smoke demons (Abyss:1)
  5 spiny frogs
  3 komodo dragons
  2 trolls
  A jumping spider (Lair:3)
  12 blink frogs
  3 hippogriffs
  3 raiju (Abyss:1)
  A spriggan (D:7)
  2 wraiths
  A water elemental (D:12)
  6 redbacks
  A vampire (D:9)
  29 yaks
  2 wyverns
  A hungry ghost (D:9)
  Grum (D:11)
  A mottled dragon (D:12)
  A steam dragon (Lair:3)
  A large abomination (Abyss:1)
  A hell hound (D:9)
  8 water moccasins
  5 porcupines
  A hornet zombie (D:8)
  A small abomination (Abyss:1)
  10 orc warriors
  3 ice beasts
  3 ogres
  2 necrophages
  2 phantoms
  An eye of draining (D:13)
  17 wolves
  9 centaurs
  3 crocodiles
  12 bullfrogs
  3 scorpions
  A water moccasin skeleton (D:11)
  10 killer bees
  13 wights
  3 howler monkeys
  An electric eel (D:12)
  A bullfrog zombie (D:5)
  A crimson imp (D:5)
  7 hounds
  11 orc priests
  2 jellies
  A centaur skeleton (D:11)
  An iron imp (Abyss:1)
  A bullfrog skeleton (D:12)
  4 iguanas
  8 orc wizards
  7 worker ants
  A killer bee zombie (D:8)
  A hound skeleton (D:4)
  A howler monkey zombie (D:11)
  8 gnolls
  16 adders
  3 shadow imps
  A white imp (Abyss:1)
  3 oozes
  6 worms
  3 dart slugs
  3 leopard geckos
  57 orcs
  2 ball pythons
  10 goblins
  8 hobgoblins
  10 bats
  5 frilled lizards
  A jackal zombie (D:4)
  14 kobolds
  2 leopard gecko skeletons (D:6)
  6 rats
  A lurking horror (Abyss:1)
413 creatures vanquished.

Vanquished Creatures (collateral kills)
  Gastronok (Lair:1)
  3 hydras
  A death yak (Lair:2)
  A deep elf mage (D:13)
  An ugly thing (D:13)
  2 yaks
  An iguana (Lair:3)
10 creatures vanquished.

Vanquished Creatures (others)
  A howler monkey skeleton (D:9)
  A leopard gecko (D:9)
  A fungus (Lair:2)
  6 starspawn tentacles (Abyss:1)
9 creatures vanquished.

Grand Total: 432 creatures vanquished

Notes
Turn   | Place    | Note
-------+----------+-------------------------------------------
     0 | D:1      | dvd the Troll Berserker began the quest for the Orb.
     0 | D:1      | Reached XP level 1. HP: 22/22 MP: 0/0
    76 | D:1      | Reached XP level 2. HP: 29/29 MP: 1/1
   725 | D:2      | Reached ** piety under Trog
   774 | D:2      | Reached XP level 3. HP: 35/36 MP: 2/2
   891 | D:2      | Reached XP level 4. HP: 44/44 MP: 3/3
  1514 | D:3      | Reached XP level 5. HP: 30/52 MP: 4/4
  1799 | D:3      | Found a roughly hewn altar of Beogh.
  1810 | D:3      | Reached skill level 5 in Unarmed Combat
  1814 | D:3      | Reached skill level 1 in Throwing
  1815 | D:3      | Reached *** piety under Trog
  1815 | D:3      | Reached XP level 6. HP: 44/61 MP: 5/5
  2583 | D:4      | Found a glowing golden altar of the Shining One.
  2692 | D:4      | Reached XP level 7. HP: 55/67 MP: 6/6
  3148 | D:5      | Entered Level 5 of the Dungeon
  3223 | D:5      | Received a gift from Trog
  3448 | D:5      | Reached skill level 1 in Stealth
  3569 | D:6      | Found Goemahim's Food Boutique.
  3732 | D:6      | Reached XP level 8. HP: 75/75 MP: 7/7
  3734 | D:6      | Reached **** piety under Trog
  4105 | D:6      | Found an ancient bone altar of Kikubaaqudgha.
  4105 | D:6      | Found a blossoming altar of Fedhas.
  4105 | D:6      | Found a bloodstained altar of Trog.
  4105 | D:6      | Found a glowing silver altar of Zin.
  4111 | D:6      | Found a sacrificial altar of Ru.
  4111 | D:6      | Found a stormy altar of Qazlal.
  4283 | D:6      | Got a dazzling hand axe
  4284 | D:6      | Identified the cursed +1 hand axe of Behov {chop, rF+ Str+2 Int+2} (You found it on level 6 of the Dungeon)
  4403 | D:6      | Reached skill level 1 in Long Blades
  4488 | D:7      | Noticed a hippogriff
  4505 | D:7      | Killed a hippogriff
  4505 | D:7      | Reached skill level 2 in Long Blades
  4726 | D:7      | Found a staircase to the Ecumenical Temple.
  4951 | D:7      | Reached skill level 3 in Long Blades
  4963 | D:7      | Reached XP level 9. HP: 78/84 MP: 8/8
  5124 | D:7      | Reached skill level 5 in Dodging
  5263 | D:7      | Found a deep blue altar of Sif Muna.
  5412 | D:7      | Gained mutation: Your spells are a little harder to cast, but a little more powerful. [potion of mutation]
  5412 | D:7      | Gained mutation: Your spells are harder to cast, but more powerful. [potion of mutation]
  5412 | D:7      | Gained mutation: You have sharp toenails. [potion of mutation]
  5504 | Temple   | Entered the Ecumenical Temple
  5738 | D:8      | Found Deceont's Jewellery Boutique.
  5804 | D:8      | Noticed Joseph
  5819 | D:8      | Killed Joseph
  5819 | D:8      | Reached skill level 4 in Long Blades
  6030 | D:8      | Reached skill level 5 in Long Blades
  6446 | D:9      | Found a staircase to the Lair.
  6742 | D:9      | Found a sparkling altar of Nemelex Xobeh.
  6774 | D:9      | Got a heavy robe
  6785 | D:9      | Identified the +1 robe of Xyffoxt {rCorr SInv} (You found it on level 9 of the Dungeon)
  6801 | D:9      | Reached skill level 6 in Long Blades
  6850 | D:9      | Reached XP level 10. HP: 93/94 MP: 9/9
  7172 | Lair:1   | Entered Level 1 of the Lair of Beasts
  7265 | Lair:1   | Noticed Nergalle
  7289 | Lair:1   | Killed Nergalle
  7289 | Lair:1   | Received a gift from Trog
  7289 | Lair:1   | Reached skill level 5 in Fighting
  7320 | Lair:1   | Noticed Gastronok
  7328 | Lair:1   | Killed Gastronok
  7328 | Lair:1   | Reached skill level 7 in Long Blades
  7481 | Lair:1   | Noticed a spiny frog
  7484 | Lair:1   | Noticed Sonja
  7487 | Lair:1   | Killed a spiny frog
  7499 | Lair:1   | Killed Sonja
  7545 | Lair:1   | Reached XP level 11. HP: 46/105 MP: 10/10
  7710 | Lair:1   | Reached skill level 8 in Long Blades
  8352 | Lair:2   | Noticed Sagrath01's ghost (journeyman HEAE)
  8369 | Lair:2   | Killed Sagrath01's ghost
  8369 | Lair:2   | Reached skill level 9 in Long Blades
  9124 | Lair:3   | Found a hole to the Spider Nest.
  9221 | Lair:3   | Found a staircase to the Swamp.
  9221 | Lair:3   | Noticed a seven-headed hydra
  9232 | Lair:3   | Killed a seven-headed hydra
  9258 | Lair:3   | Noticed a death yak
  9258 | Lair:3   | Noticed a death yak
  9343 | Lair:2   | Noticed a four-headed hydra
  9447 | Lair:2   | Killed a death yak
  9447 | Lair:2   | Reached XP level 12. HP: 118/118 MP: 11/11
  9450 | Lair:2   | Killed a four-headed hydra
  9502 | Lair:3   | Killed a death yak
  9746 | Lair:3   | Reached skill level 10 in Long Blades
 10091 | Lair:3   | Noticed Snorg
 10102 | Lair:3   | Killed Snorg
 10358 | Lair:3   | Reached ***** piety under Trog
 10818 | D:8      | Bought the ring "Oloj Deo" {rCorr *Drain rPois rN+ Slay+4} for 745 gold pieces
 10851 | D:10     | Entered Level 10 of the Dungeon
 11626 | D:11     | Received a gift from Trog
 11829 | D:11     | Noticed Grum
 11843 | D:11     | Killed Grum
 11888 | D:11     | Reached skill level 11 in Long Blades
 11969 | D:11     | Reached XP level 13. HP: 127/128 MP: 12/12
 12447 | D:12     | Received a gift from Trog
 12758 | D:12     | Found Hecel's Antique Weapon Emporium.
 12764 | D:12     | Found Uzusim's Food Emporium.
 12764 | D:12     | Found Nomitug's Antique Weapon Emporium.
 12768 | D:12     | Found Kovvell's Assorted Antiques.
 12781 | D:12     | Bought a scroll of enchant armour for 270 gold pieces
 12805 | D:12     | You fall through a shaft!
 12877 | D:13     | Reached skill level 1 in Evocations
 13160 | D:13     | Found a roughly hewn altar of Beogh.
 13262 | D:13     | Noticed Erolcha
 13262 | D:13     | Cast into level 1 of the Abyss (Erolcha)
 13351 | Abyss:1  | Noticed a bone dragon
 13358 | Abyss:1  | Noticed a tentacled starspawn
 13363 | Abyss:1  | Reached skill level 5 in Throwing
 13370 | Abyss:1  | Killed a tentacled starspawn
 13407 | Abyss:1  | Noticed a green very ugly thing
 13419 | Abyss:1  | Killed a green very ugly thing
 13482 | Abyss:1  | Reached skill level 12 in Long Blades
 13679 | Abyss:1  | Noticed a hellephant
 13692 | Abyss:1  | Noticed a tentacled starspawn
 13695 | Abyss:1  | Slain by a tentacled starspawn

Vault maps used:
D:1:      evilmike_arrival_crescent, minivault_25
D:2:      first_bread
D:3:      corexii_shack_village, kennysheep_orc_chapel
D:4:      nicolae_overflow_crystal_walls, serial_bayou_lake_a
D:6:      minmay_overflow_temple_hex, serial_shops, nicolae_shop_statue_plus
D:7:      the_bakery, david_defended_altar_elf
D:8:      serial_shops, shop, uniq_joseph
D:9:      nemelex_altar_shiori, minmay_lair_entry_lava
D:11:     uniq_grum
D:12:     erik_orc_2, minmay_shop_grid_forest, grunt_tough_drop
D:13:     serial_shops, nicolae_shop_statue_plus, uniq_josephine, uniq_erolcha
Temple:   nicolae_temple_figure_eight
Lair:1:   grunt_megastairs_1, uniq_nergalle, uniq_sonja, uniq_gastronok
Lair:3:   minmay_swamp_entry_reptiles, nicolae_spider_entry_tight_spaces,
          bobbens_dragon_lair_wall, uniq_snorg

Skill      XL: |  1  2  3  4  5  6  7  8  9 10 11 12 13 |
---------------+----------------------------------------+-----
Dodging        | 3 4 5 7 8 9 |  9.7
Unarmed Combat | 4 5 6 7 8 |  8.0
Fighting       | 3 4 5 7 8 9 |  9.1
Throwing       | 1 2 3 4 5 |  5.3
Stealth        | 1 2 3 4 |  4.0
Long Blades    | 3 6 7 9 11 12 | 12.0
Evocations     | 1 |  1.3

Action                   |  1- 3 |  4- 6 |  7- 9 | 10-12 | 13-15 || total
-------------------------+-------+-------+-------+-------+-------++-------
Melee: Unarmed           |    80 |   183 |    71 |       |       ||   334
       Punch             |     2 |     7 |     7 |    29 |     8 ||    53
       Long sword        |       |       |   205 |   489 |   218 ||   912
       Kick              |       |       |    42 |   221 |    99 ||   362
Throw: Javelin           |       |    27 |    17 |     4 |       ||    48
       Tomahawk          |       |       |       |    18 |       ||    18
       Large rock        |       |       |       |       |    10 ||    10
Invok: Berserk           |       |     2 |     3 |     9 |     2 ||    16
       Trog's Hand       |       |       |     1 |     1 |     4 ||     6
       Brothers in Arms  |       |       |       |     3 |     1 ||     4
       Burn Spellbooks   |       |       |       |       |     1 ||     1
Evoke: Wand              |       |       |       |     4 |     6 ||    10
  Use: Scroll            |       |       |    12 |     3 |     2 ||    17
       Potion            |       |       |    12 |     4 |       ||    16
 Stab: Sleeping          |     2 |     1 |     2 |     9 |     3 ||    17
  Eat: Chunk             |    14 |    18 |    34 |    56 |    16 ||   138
       Royal jelly       |       |       |       |     2 |       ||     2
       Fruit             |       |       |       |     2 |       ||     2
       Beef jerky        |       |       |       |     1 |       ||     1
       Meat ration       |       |       |       |     1 |       ||     1
Armor: Animal skin       |    31 |    53 |    43 |       |       ||   127
       Robe              |       |       |     3 |    53 |    15 ||    71
Dodge: Dodged            |    39 |    99 |   230 |   409 |   148 ||   925
Block: Other             |       |       |    59 |   100 |    47 ||   206
       Reflection        |       |       |       |     1 |     1 ||     2
       Rpst.: Long sword |       |       |    45 |   110 |    40 ||   195
